APP
DANVILLE BRAVES @ BILLINGS MUSTANGS
09/11/2046
 
TOP OF THE 1ST
Danville Braves batting - Pitching for Billings Mustangs : LHP Jason St. Clair
Pitching: LHP Jason St. Clair
Batting: RHB Rafael Reyes 0-0: Ball
1-0: SINGLE (Groundball, 56D, EV 100.6 MPH) (infield hit)
Batting: RHB Richard Saquic 0-0: Called Strike
0-1: Ball
1-1: Ball
2-1: Foul Ball, location: 2F
2-2: Strikes out swinging
Batting: LHB Tamaichi Sasada 0-0: Ball
Rafael Reyes steals 2nd base
1-0: Foul Ball, location: 2F
1-1: Ball
2-1: Swinging Strike
2-2: Foul Ball, location: 2F
2-2: Strikes out looking
Batting: RHB Chris Trites 0-0: Fly out, F7 (Flyball, 78M, EV 88.8 MPH)
Top of the 1st over - 0 runs, 1 hit, 0 errors, 1 left on base; Danville 0 - Billings 0
BOTTOM OF THE 1ST
Billings Mustangs batting - Pitching for Danville Braves : RHP Justin Collins
Pitching: RHP Justin Collins
Batting: LHB Jeremy Robertson 0-0: Swinging Strike
0-1: Swinging Strike
0-2: Ball
1-2: Ground out 6-3 (Groundball, 6M, EV 109.4 MPH)
Batting: SHB David Garnica 0-0: Swinging Strike
0-1: Ground out U3 (Groundball, 3, EV 106.9 MPH)
Batting: LHB Brian Dickeson 0-0: Ball
1-0: Called Strike
1-1: Ball
2-1: Foul Ball, location: 2F
2-2: Strikes out swinging
Bottom of the 1st over - 0 runs, 0 hits, 0 errors, 0 left on base; Danville 0 - Billings 0
TOP OF THE 2ND
Danville Braves batting - Pitching for Billings Mustangs : LHP Jason St. Clair
Batting: RHB Dave Pizarro 0-0: Swinging Strike
0-1: Ball
1-1: Ground out 6-3 (Groundball, 56, EV 105.0 MPH)
Batting: RHB Tony Cabrera 0-0: Ball
1-0: Called Strike
1-1: Ball
2-1: Called Strike
2-2: Ball
3-2: Strikes out swinging
Batting: RHB Vicente Guillen 0-0: Called Strike
0-1: Foul Ball, location: 2F
0-2: Ball
1-2: Strikes out looking
Top of the 2nd over - 0 runs, 0 hits, 0 errors, 0 left on base; Danville 0 - Billings 0
BOTTOM OF THE 2ND
Billings Mustangs batting - Pitching for Danville Braves : RHP Justin Collins
Batting: RHB Chris Christaldi 0-0: Ball
1-0: Called Strike
1-1: SINGLE (Groundball, 6M, EV 103.1 MPH) (infield hit)
Pinch Runner at 1st Fred Barbour:
Batting: RHB Jake Savell 0-0: Ground out 4-3 (Groundball, 34, EV 108.8 MPH)
Fred Barbour to second
Batting: RHB Sang-ton Pak 0-0: Ball
1-0: Ball
2-0: Foul Ball, location: 2F
2-1: Ball
3-1: Base on Balls
Batting: LHB Armando Arellano 0-0: Ball
1-0: Ball
2-0: Called Strike
2-1: Fielders Choice at 2nd, 1-6 (Groundball, 13S, EV 62.5 MPH)
Fred Barbour to third
Batting: RHB Yutaka Sato 0-0: Called Strike
0-1: Ball
1-1: Foul Ball, location: 2F
1-2: Fly out, F8 (Flyball, 8RS, EV 88.1 MPH)
Bottom of the 2nd over - 0 runs, 1 hit, 0 errors, 2 left on base; Danville 0 - Billings 0
TOP OF THE 3RD
Danville Braves batting - Pitching for Billings Mustangs : LHP Jason St. Clair
Batting: RHB Mike Bergin 0-0: Ball
1-0: Called Strike
1-1: Foul Ball, location: 2F
1-2: Fly out, F8 (Flyball, 89D, EV 93.8 MPH)
Batting: RHB Rodolfo Cosme 0-0: Swinging Strike
0-1: DOUBLE (Groundball, 5L, EV 95.6 MPH)
Batting: RHB Rafael Reyes 0-0: Ball
1-0: Fly out, F7 (Flyball, 7D, EV 96.2 MPH)
Batting: RHB Richard Saquic 0-0: Swinging Strike
0-1: Ball
1-1: Ball
2-1: Called Strike
2-2: Fly out, F7 (Flyball, 7LSF, EV 74.4 MPH)
Top of the 3rd over - 0 runs, 1 hit, 0 errors, 1 left on base; Danville 0 - Billings 0
BOTTOM OF THE 3RD
Billings Mustangs batting - Pitching for Danville Braves : RHP Justin Collins
Batting: SHB Gustavo Froio 0-0: Foul Ball, location: 2F
0-1: Foul Ball, location: 2F
0-2: Strikes out swinging
Batting: LHB Jeremy Robertson 0-0: Ground out U3 (Groundball, 34, EV 86.9 MPH)
Batting: SHB David Garnica 0-0: Ball
1-0: Swinging Strike
1-1: Foul Ball, location: 2F
1-2: Ball
2-2: Strikes out looking
Bottom of the 3rd over - 0 runs, 0 hits, 0 errors, 0 left on base; Danville 0 - Billings 0
TOP OF THE 4TH
Danville Braves batting - Pitching for Billings Mustangs : LHP Jason St. Clair
Batting: LHB Tamaichi Sasada 0-0: DOUBLE (Line Drive, 9LS, EV 94.4 MPH)
Batting: RHB Chris Trites 0-0: Called Strike
0-1: Ball
1-1: Ball
2-1: Ground out 6-3 (Groundball, 56, EV 85.0 MPH)
Batting: RHB Dave Pizarro 0-0: Ball
1-0: Ground out 6-3 (Groundball, 6, EV 101.2 MPH)
Batting: RHB Tony Cabrera 0-0: Foul Ball, location: 2F
0-1: Swinging Strike
0-2: 2-RUN HOME RUN (Flyball, 78XD, EV 110.6 MPH), Distance : 425 ft
Batting: RHB Vicente Guillen 0-0: Ball
1-0: Ground out 6-3 (Groundball, 6S, EV 91.9 MPH)
Top of the 4th over - 2 runs, 2 hits, 0 errors, 0 left on base; Danville 2 - Billings 0
BOTTOM OF THE 4TH
Billings Mustangs batting - Pitching for Danville Braves : RHP Justin Collins
Batting: LHB Brian Dickeson 0-0: Foul Ball, location: 2F
0-1: Swinging Strike
0-2: SINGLE (Line Drive, 9S, EV 95.0 MPH)
Batting: RHB Fred Barbour 0-0: DOUBLE (Line Drive, 9LS, EV 98.8 MPH)
Brian Dickeson to third
Batting: RHB Jake Savell 0-0: Called Strike
0-1: Fly out, F2 (Popup, 3SF, EV 75.6 MPH)
Batting: RHB Sang-ton Pak 0-0: Called Strike
0-1: Ball
1-1: Called Strike
1-2: Ball
2-2: Strikes out swinging
Batting: LHB Armando Arellano 0-0: Ball
1-0: Ball
2-0: DOUBLE (Line Drive, 89D, EV 108.1 MPH)
Brian Dickeson scores
Fred Barbour scores
Batting: RHB Yutaka Sato 0-0: Called Strike
0-1: Ball
1-1: Fly out, F9 (Flyball, 89M, EV 94.4 MPH)
Bottom of the 4th over - 2 runs, 3 hits, 0 errors, 1 left on base; Danville 2 - Billings 2
TOP OF THE 5TH
Danville Braves batting - Pitching for Billings Mustangs : LHP Jason St. Clair
Batting: RHB Mike Bergin 0-0: Ball
1-0: Ball
2-0: Ball
3-0: Foul Ball, location: 2F
3-1: Base on Balls
Batting: RHB Rodolfo Cosme 0-0: Ball
1-0: Foul Ball, location: 2F
1-1: Called Strike
1-2: Fly out, F8 (Flyball, 8LD, EV 96.9 MPH)
Batting: RHB Rafael Reyes 0-0: SINGLE (Line Drive, 4M, EV 94.4 MPH)
Mike Bergin to second
Runner from 2nd tries for 3rd, SAFE, throw by CF made to third
Batting: RHB Richard Saquic 0-0: Called Strike
0-1: Ball
1-1: Ball
Rafael Reyes steals 2nd base
2-1: SINGLE (Groundball, 5L, EV 106.9 MPH) (infield hit)
Mike Bergin scores
Rafael Reyes to third
Batting: LHB Tamaichi Sasada 0-0: Ball
1-0: Called Strike
1-1: Swinging Strike
1-2: Ball
2-2: Fielders Choice at 2nd, 3-6 (Groundball, 3S, EV 85.6 MPH)
Rafael Reyes scores
Batting: RHB Chris Trites 0-0: Ball
1-0: Ball
2-0: Ball
3-0: Base on Balls
Tamaichi Sasada to second
Batting: RHB Dave Pizarro 0-0: Ball
1-0: Ball
2-0: Ball
3-0: Called Strike
3-1: Foul Ball, location: 2F
3-2: SINGLE (Groundball, 6MD, EV 94.4 MPH)
Tamaichi Sasada to third
Chris Trites to second
Tamaichi Sasada scores
Chris Trites to third
Batting: RHB Tony Cabrera 0-0: Ball
1-0: Called Strike
1-1: Foul Ball, location: 2F
1-2: Foul Ball, location: 2F
1-2: DOUBLE (Line Drive, 7LS, EV 90.0 MPH)
Chris Trites scores
Dave Pizarro to third
Runner from 3rd tries for Home, throw by LF and OUT! 7-6-2
Top of the 5th over - 4 runs, 4 hits, 0 errors, 1 left on base; Danville 6 - Billings 2
BOTTOM OF THE 5TH
Billings Mustangs batting - Pitching for Danville Braves : RHP Justin Collins
Batting: SHB Gustavo Froio 0-0: Ball
1-0: Called Strike
1-1: Ground out 4-3 (Groundball, 34D, EV 85.0 MPH)
Batting: LHB Jeremy Robertson 0-0: Called Strike
0-1: Ball
1-1: Ball
2-1: Ball
3-1: Ground out U3 (Groundball, 3, EV 101.2 MPH)
Batting: SHB David Garnica 0-0: Ball
1-0: Ball
2-0: Called Strike
2-1: Foul Ball, location: 2F
2-2: Fly out, F8 (Line Drive, 8RD, EV 101.9 MPH)
Bottom of the 5th over - 0 runs, 0 hits, 0 errors, 0 left on base; Danville 6 - Billings 2
TOP OF THE 6TH
Danville Braves batting - Pitching for Billings Mustangs : LHP Jason St. Clair
Batting: RHB Vicente Guillen 0-0: Ball
1-0: Ground out 5-3 (Groundball, 56, EV 93.8 MPH)
Pitching: RHP Joe Green
Batting: RHB Mike Bergin 0-0: Ball
1-0: Swinging Strike
1-1: Ball
2-1: Foul Ball, location: 2F
2-2: Strikes out swinging
Batting: RHB Rodolfo Cosme 0-0: Swinging Strike
0-1: Foul Ball, location: 2F
0-2: Strikes out swinging
Top of the 6th over - 0 runs, 0 hits, 0 errors, 0 left on base; Danville 6 - Billings 2
BOTTOM OF THE 6TH
Billings Mustangs batting - Pitching for Danville Braves : RHP Justin Collins
Batting: LHB Brian Dickeson 0-0: Ground out 6-3 (Groundball, 6M, EV 86.9 MPH)
Batting: RHB Fred Barbour 0-0: Called Strike
0-1: Called Strike
0-2: Strikes out swinging
Batting: RHB Jake Savell 0-0: Called Strike
0-1: Foul Ball, location: 2F
0-2: Ball
1-2: Ground out 3-1 (Groundball, 34S, EV 93.8 MPH)
Bottom of the 6th over - 0 runs, 0 hits, 0 errors, 0 left on base; Danville 6 - Billings 2
TOP OF THE 7TH
Danville Braves batting - Pitching for Billings Mustangs : RHP Joe Green
Batting: RHB Rafael Reyes 0-0: Foul Ball, location: 2F
0-1: Fly out, F4 (Popup, 34D, EV 68.8 MPH)
Batting: RHB Richard Saquic 0-0: Ball
1-0: Ball
2-0: Ball
3-0: Base on Balls
Batting: LHB Tamaichi Sasada 0-0: Called Strike
Richard Saquic steals 2nd base (no throw)
0-1: Ball
1-1: Called Strike
Richard Saquic steals 3rd base
1-2: 2-RUN HOME RUN (Flyball, 9D, EV 99.4 MPH), Distance : 394 ft
Batting: RHB Chris Trites 0-0: Ball
1-0: Called Strike
1-1: Ball
2-1: Called Strike
2-2: Ball
3-2: Base on Balls
Batting: RHB Dave Pizarro 0-0: Called Strike
Chris Trites is caught stealing 2nd base 2-4
0-1: SINGLE (Line Drive, 8LS, EV 103.1 MPH)
Batting: RHB Tony Cabrera 0-0: Called Strike
Dave Pizarro steals 2nd base
0-1: Called Strike
0-2: Foul Ball, location: 2F
0-2: Strikes out swinging
Top of the 7th over - 2 runs, 2 hits, 0 errors, 1 left on base; Danville 8 - Billings 2
BOTTOM OF THE 7TH
Billings Mustangs batting - Pitching for Danville Braves : RHP Justin Collins
Batting: RHB Sang-ton Pak 0-0: Called Strike
0-1: Ball
1-1: SINGLE (Groundball, 34S, EV 66.9 MPH) (infield hit)
Batting: LHB Armando Arellano 0-0: Ball
Sang-ton Pak steals 2nd base
1-0: Called Strike
1-1: Swinging Strike
1-2: Ball
2-2: Foul Ball, location: 2F
2-2: Ground out 6-3 (Groundball, 56, EV 92.5 MPH)
Batting: RHB Yutaka Sato 0-0: Swinging Strike
0-1: Ball
1-1: Swinging Strike
1-2: Ground out 6-3 (Groundball, 6, EV 82.5 MPH)
Sang-ton Pak to third
Pitching: LHP Darius Brown
Batting: SHB Gustavo Froio 0-0: Called Strike
0-1: Foul Ball, location: 2F
0-2: Ball
1-2: Ground out 6-3 (Groundball, 4MD, EV 84.4 MPH)
Bottom of the 7th over - 0 runs, 1 hit, 0 errors, 1 left on base; Danville 8 - Billings 2
TOP OF THE 8TH
Danville Braves batting - Pitching for Billings Mustangs : RHP Joe Green
Batting: RHB Vicente Guillen 0-0: Foul Ball, location: 2F
0-1: Ball
1-1: Foul Ball, location: 2F
1-2: Ball
2-2: Ground out 5-3 (Groundball, 56S, EV 81.2 MPH)
Batting: RHB Mike Bergin 0-0: Ball
1-0: Ball
2-0: Ball
3-0: Called Strike
3-1: Ground out 3-1 (Groundball, 34, EV 95.0 MPH)
Batting: RHB Rodolfo Cosme 0-0: Ball
1-0: Ball
2-0: Ball
3-0: Called Strike
3-1: Swinging Strike
3-2: Foul Ball, location: 2F
3-2: Strikes out swinging
Top of the 8th over - 0 runs, 0 hits, 0 errors, 0 left on base; Danville 8 - Billings 2
BOTTOM OF THE 8TH
Billings Mustangs batting - Pitching for Danville Braves : LHP Darius Brown
Batting: LHB Jeremy Robertson 0-0: Ball
1-0: Fly out, F8 (Flyball, 8RM, EV 95.0 MPH)
Batting: SHB David Garnica 0-0: Foul Ball, location: 2F
0-1: Ball
1-1: Ball
2-1: Foul Ball, location: 2F
2-2: Ball
3-2: Foul Ball, location: 2F
3-2: Foul Ball, location: 2F
3-2: Base on Balls
Batting: LHB Brian Dickeson 0-0: Ball
1-0: Ball
Wild Pitch!
David Garnica to second
2-0: Ball
3-0: Called Strike
3-1: Ground out 4-3 (Groundball, 4, EV 82.5 MPH)
David Garnica to third
Batting: RHB Fred Barbour 0-0: Ball
1-0: Ball
Wild Pitch!
David Garnica scores
2-0: Ball
3-0: Base on Balls
Pitching: RHP Jeremy Armstrong
Batting: RHB Jake Savell 0-0: Called Strike
0-1: Foul Ball, location: 2LF, Error on foul ball, E2
0-2: Ball
1-2: Ball
2-2: Fly out, F8 (Line Drive, 8LD, EV 96.9 MPH)
Bottom of the 8th over - 1 run, 0 hits, 1 error, 1 left on base; Danville 8 - Billings 3
TOP OF THE 9TH
Danville Braves batting - Pitching for Billings Mustangs : RHP Joe Green
Batting: RHB Rafael Reyes 0-0: Ball
1-0: Ball
2-0: Ball
3-0: Called Strike
3-1: Swinging Strike
3-2: Base on Balls
Batting: RHB Richard Saquic 0-0: Ball
Rafael Reyes steals 2nd base
1-0: Called Strike
1-1: Swinging Strike
1-2: Foul Ball, location: 2F
1-2: Foul Ball, location: 2F
1-2: Ball
2-2: SINGLE (Groundball, 56D, EV 103.1 MPH)
Rafael Reyes to third
Batting: LHB Tamaichi Sasada 0-0: Called Strike
Richard Saquic steals 2nd base
0-1: Swinging Strike
0-2: Foul Ball, location: 2F
0-2: Ball
1-2: Foul Ball, location: 2F
1-2: Ground out U3 (Groundball, 3, EV 81.2 MPH)
Pitching: RHP Taneo Kobayashi
Batting: RHB Chris Trites 0-0: Ball
1-0: Ball
2-0: SINGLE (Groundball, 23, EV 72.5 MPH) (infield hit)
Batting: RHB Dave Pizarro 0-0: Called Strike
0-1: Called Strike
0-2: Ball
1-2: Foul Ball, location: 2F
1-2: Ball
2-2: Strikes out swinging
Batting: RHB Tony Cabrera 0-0: Foul Ball, location: 2F
0-1: Called Strike
0-2: Ball
1-2: Ball
2-2: Ground out 1-3 (Groundball, 13, EV 62.5 MPH)
Top of the 9th over - 0 runs, 2 hits, 0 errors, 3 left on base; Danville 8 - Billings 3
BOTTOM OF THE 9TH
Billings Mustangs batting - Pitching for Danville Braves : RHP Jeremy Armstrong
Batting: RHB Sang-ton Pak 0-0: Ball
1-0: Ball
2-0: Swinging Strike
2-1: Foul Ball, location: 2F
2-2: SINGLE (Line Drive, 4M, EV 104.4 MPH)
Batting: LHB Armando Arellano 0-0: Foul Ball, location: 2F
0-1: Ball
1-1: Swinging Strike
1-2: Foul Ball, location: 2F
1-2: Ball
2-2: Ball
3-2: Foul Ball, location: 2F
3-2: Foul Ball, location: 2F
3-2: Base on Balls
Sang-ton Pak to second
Batting: RHB Yutaka Sato 0-0: Foul Ball, location: 2F
0-1: Swinging Strike
0-2: Ball
1-2: Strikes out swinging
Pinch Hitting: RHB Andy Bachman 0-0: Foul Ball, location: 2F
0-1: Foul Ball, location: 2F
0-2: Ball
1-2: Ball
2-2: Ball
3-2: Strikes out swinging
Pitching: RHP Seriozha Darzinsh
Batting: LHB Jeremy Robertson 0-0: Called Strike
0-1: Swinging Strike
0-2: Ball
1-2: Foul Ball, location: 2F
1-2: Ball
2-2: Ball
3-2: Foul Ball, location: 2F
3-2: Strikes out swinging
Bottom of the 9th over - 0 runs, 1 hit, 0 errors, 2 left on base; Danville 8 - Billings 3
Tuesday, September 13th , 2022 - OOTP Baseball 23.7 Build 88